 Dungeon Crawl Stone Soup version 0.22-a0-348-gd16d139 (webtiles) character file.

754 JeffiDaFish the Conjurer (level 7, -4/52 HPs)
             Began as a White Draconian Fire Elementalist on Apr 8, 2018.
             Slain by a howler monkey (7 damage)
             ... on level 4 of the Dungeon.
             The game lasted 00:08:06 (4439 turns).

JeffiDaFish the Conjurer (DrFE)                     Turns: 4439, Time: 00:08:07

Health: -4/52      AC:  7    Str: 15    XL:     7   Next: 49%
Magic:  1/13       EV: 16    Int: 17    God:
Gold:   94         SH:  0    Dex: 12    Spells: 6/14 levels left

rFire    . . .     SeeInvis .   a - +0 spear
rCold    + . .     Gourm    .   (no shield)
rNeg     . . .     Faith    .   (armour unavailable)
rPois    .         Spirit   .   (helmet restricted)
rElec    .         Reflect  .   i - +0 cloak {+Inv}
rCorr    .         Harm     .   (no gloves)
MR       .....                  (no boots)
Stlth    ++........             (no amulet)
HPRegen  0.17/turn              d - +4 ring of evasion
MPRegen  0.13/turn              h - ring of flight

@: mighty, short of breath, very slightly contaminated
A: breathe frost, unfitting armour, cold resistance 1, cold-blooded, AC +6
a: Breathe Frost, Evoke Invisibility, Evoke Flight


You were on level 4 of the Dungeon.
You were not hungry.

You visited 1 branch of the dungeon, and saw 4 of its levels.

You collected 94 gold pieces.

Inventory:

Hand Weapons
 a - a +0 spear (weapon)
 f - a +0 vampiric whip
Armour
 i - a +0 cloak of invisibility (worn)
Jewellery
 d - a +4 ring of evasion (left hand)
 h - a ring of flight (right hand)
Scrolls
 e - 3 scrolls of identify
Potions
 g - a potion of might
Comestibles
 b - 3 rations


   Skills:
 + Level 1.2 Fighting
 - Level 1.7 Dodging
 - Level 1.7 Stealth
 * Level 4.3 Spellcasting
 * Level 5.6 Conjurations
 + Level 4.2 Fire Magic


You had 6 spell levels left.
You knew the following spells:

 Your Spells              Type           Power        Failure   Level  Hunger
a - Flame Tongue          Conj/Fire      ###..        1%          1    None
b - Conjure Flame         Conj/Fire      ###.....     6%          3    ###....
c - Sticky Flame          Conj/Fire      ###.....     21%         4    ####...


Dungeon Overview and Level Annotations

Branches:
Dungeon (4/15)
 Temple: D:4-7

Altars:
Cheibriados
Elyvilon
Fedhas
Gozag
Makhleb
Okawaru
Qazlal
Uskayaw
Zin
The Shining One


Innate Abilities, Weirdness & Mutations

You can breathe waves of freezing cold.
You can buffet flying creatures when you breathe cold.
Your icy white scales are hard. (AC +6)
You cannot fit into any form of body armour.
Your flesh is cold resistant. (rC+)
You are cold-blooded and may be slowed by cold attacks.


Message History

The orc hits you with a club.
* * * LOW HITPOINT WARNING * * *
Casting: Flame Tongue (safe; 1% risk of failure)
Confirm with . or Enter, or press ? or * to list all spells.
Aiming: Flame Tongue (safe; 1% risk of failure)
Press: ? - help, Shift-Dir - straight line, f/p - howler monkey
Aim: a howler monkey (heavily wounded, catching its breath)
The flame tongue hits the howler monkey.
The howler monkey is almost dead.
The howler monkey misses you. The adder skeleton barely misses you.
The orc misses you.
Casting: Flame Tongue (safe; 1% risk of failure)
Confirm with . or Enter, or press ? or * to list all spells.
Aiming: Flame Tongue (safe; 1% risk of failure)
Press: ? - help, Shift-Dir - straight line, f/p - howler monkey
Aim: a howler monkey (almost dead)
The flame tongue hits the howler monkey.
The howler monkey is almost dead.
The howler monkey hits you!
You die...

####....#### .#
##..........#
#.##.........<..
#..............
##.............. ##
#............... #.##
#........h...... ....#
#.......@Z...... #...#
#.......o......
#...######............
#...<####..........##
##...............###
####...รท.......##
###.._.....##
##.......# #......##


You could see a howler monkey, an orc and an adder skeleton.

Vanquished Creatures
  Grinder (D:3)
  Sigmund (D:3)
  Crazy Yiuf (D:3)
  2 orc priests (D:4)
  A jelly (D:3)
  An orc wizard (D:3)
  Jessica (D:3)
  A worker ant (D:4)
  4 gnolls (D:3)
  10 adders
  2 oozes
  A worm (D:2)
  10 orcs
  6 bats
  3 giant cockroaches
  10 goblins
  7 hobgoblins
  6 kobolds
  A quokka (D:2)
  4 frilled lizards
  9 rats
82 creatures vanquished.

Notes
Turn   | Place    | Note
-------+----------+-------------------------------------------
     0 | D:1      | JeffiDaFish the Draconian Fire Elementalist began the quest for the Orb.
     0 | D:1      | Reached XP level 1. HP: 14/14 MP: 3/3
   160 | D:1      | Reached XP level 2. HP: 13/20 MP: 0/5
   786 | D:1      | Reached skill level 2 in Conjurations
   978 | D:2      | Reached XP level 3. HP: 25/26 MP: 0/6
  1026 | D:2      | Learned a level 3 spell: Conjure Flame
  1632 | D:2      | Reached XP level 4. HP: 33/33 MP: 3/7
  1754 | D:2      | Found a glowing silver altar of Zin.
  1754 | D:2      | Found an opulent altar of Gozag.
  1772 | D:2      | Found an iron altar of Okawaru.
  1772 | D:2      | Found a white marble altar of Elyvilon.
  1772 | D:2      | Found a hide-covered altar of Uskayaw.
  1780 | D:2      | Found a glowing golden altar of the Shining One.
  1781 | D:2      | Found a snail-covered altar of Cheibriados.
  1843 | D:2      | Reached skill level 3 in Conjurations
  1846 | D:2      | Found a stormy altar of Qazlal.
  1994 | D:2      | Found a blossoming altar of Fedhas.
  2296 | D:3      | Noticed Jessica
  2309 | D:3      | Killed Jessica
  2309 | D:3      | Reached XP level 5. HP: 38/38 MP: 4/9
  2522 | D:3      | Noticed Sigmund
  2530 | D:3      | Killed Sigmund
  2530 | D:3      | Reached skill level 4 in Conjurations
  2530 | D:3      | Reached XP level 6. HP: 45/45 MP: 1/11
  2782 | D:3      | Noticed Grinder
  2795 | D:3      | Paralysed by Grinder for 5 turns
  2802 | D:3      | Paralysed by Grinder for 3 turns
  2808 | D:3      | Killed Grinder
  2808 | D:3      | Reached skill level 5 in Conjurations
  2808 | D:3      | Your scales start taking on an icy white colour.
  2808 | D:3      | Reached XP level 7. HP: 20/50 MP: 3/12
  2808 | D:3      | Gained mutation: Your flesh is cold resistant. (rC+) [White Draconian growth]
  3976 | D:3      | Found a runed door.
  3983 | D:3      | Learned a level 4 spell: Sticky Flame
  3985 | D:3      | Noticed Crazy Yiuf
  3989 | D:3      | Paralysed by Crazy Yiuf for 3 turns
  3996 | D:3      | Killed Crazy Yiuf
  4281 | D:4      | Found a burning altar of Makhleb.
  4288 | D:4      | Reached skill level 1 in Fighting
  4439 | D:4      | Slain by a howler monkey

Vault maps used:
D:1:      dpeg_arrival_three_bigger_balls
D:2:      grunt_temple_overflow_forces_of_nature, minitemple, st_stairs_7,
          minmay_tromino_v4_a
D:3:      uniq_jessica, uniq_sigmund, uniq_crazy_yiuf_cottage, uniq_grinder
D:4:      bloody_makhleb, lemuel_doored_altar

Skill      XL: |  1  2  3  4  5  6  7 |
---------------+----------------------+-----
Conjurations   | 2 3 4 5 |  5.6
Fire Magic     | 4 |  4.2
Spellcasting   | 3 4 |  4.3
Fighting       | 1 |  1.2
Dodging        | |  1.7
Stealth        | |  1.7

Action                   |  1- 3 |  4- 6 |  7- 9 || total
-------------------------+-------+-------+-------++-------
Melee: Spear             |    54 |    15 |    59 ||   128
       Tailslap          |     1 |     1 |     6 ||     8
 Cast: Flame Tongue      |    39 |    51 |    42 ||   132
 Abil: Breathe Frost     |       |       |     3 ||     3
  Use: Scroll            |     7 |     1 |     2 ||    10
       Potion            |     7 |     1 |     1 ||     9
 Stab: Sleeping          |     1 |       |     4 ||     5
  Eat: Chunk             |     2 |     5 |     6 ||    13
Armor: Skin              |    17 |     6 |    11 ||    34
Dodge: Dodged            |    39 |    21 |    53 ||   113

Table legend:
 A = Spawn XP
 B = Non-spawn XP
 C = Spawn XP percentage of total XP
 D = Spawn monster count
 E = Non-spawn monster count
 F = Spawn count percentage of total count
 G = Total turns spent on level
                    A         B        C        D         E        F      G
               +---------+---------+-------+---------+---------+-------+---------
         Total |       0 |    1078 |   0.0 |       0 |      82 |   0.0 |  4439
               +---------+---------+-------+---------+---------+-------+---------
           D:1 |       0 |      37 |   0.0 |       0 |      18 |   0.0 |   941
           D:2 |       0 |     112 |   0.0 |       0 |      22 |   0.0 |  1266
           D:3 |       0 |     812 |   0.0 |       0 |      37 |   0.0 |  2074
           D:4 |       0 |     117 |   0.0 |       0 |       5 |   0.0 |   158
               +---------+---------+-------+---------+---------+-------+---------
